 Dungeon Crawl Stone Soup version 0.29-a0-362-g5854e031c7 (webtiles) character file.

Game seed: 791844127709677358

710 Shayle the Sneak (level 7, -3/42 HPs)
             Began as a Tengu Brigand on Apr 29, 2022.
             Slain by a two-headed ogre
             ... wielding a +0 giant spiked club
              (15 damage)
             ... on level 5 of the Dungeon.
             The game lasted 00:13:16 (4219 turns).

Shayle the Sneak (Tengu Brigand)                    Turns: 4219, Time: 00:13:17

Health: -3/42      AC:  7    Str: 11    XL:     7   Next: 68%
Magic:  12/12      EV: 13    Int: 14    God:
Gold:   323        SH:  0    Dex: 15    Spells: 11/11 levels left

rFire   . . .      SeeInvis .   r - +8 quick blade
rCold   . . .      Faith    .   (no shield)
rNeg    . . .      Spirit   .   h - +0 ring mail
rPois   +          Reflect  .   (helmet restricted)
rElec   .          Harm     .   c - +1 cloak
rCorr   .          Rampage  .   (no gloves)
Will    .....                   (boots unavailable)
Stlth   ++........              (no amulet)
HPRegen 0.14/turn               g - ring of poison resistance
MPRegen 0.13/turn               (no ring)

@: flying quickly and evasively, quick
A: beak, talons 3, nimble flight
a: no special abilities


You were on level 5 of the Dungeon.
You visited 1 branch of the dungeon, and saw 5 of its levels.
You also visited: Ossuary.

You collected 323 gold pieces.

Inventory:

Hand Weapons
 a - a +2 dagger
 o - a +3 lajatang
 r - a +8 quick blade (weapon)
Missiles
 d - 6 poisoned darts (quivered)
 e - 2 curare-tipped darts
 f - 3 silver javelins
 k - 6 javelins
Armour
 b - a +0 robe
 c - a +1 cloak (worn)
 h - a +0 ring mail (worn)
Jewellery
 g - a ring of poison resistance (left hand)
 q - a ring of ice
Scrolls
 p - a scroll of noise
 u - a scroll of magic mapping
 v - a scroll of teleportation
 y - 2 scrolls of identify
 z - a scroll of holy word {unknown}
 C - a scroll of fog
Potions
 i - 5 potions of curing
 j - a potion of magic
 l - a potion of resistance
 m - a potion of heal wounds
 n - a potion of ambrosia
 s - a potion of brilliance
 t - a potion of haste
 w - 3 potions of mutation
 x - a potion of might {unknown}
 A - a potion of invisibility {unknown}
 B - a potion of flight {unknown}


   Skills:
 + Level 3.9 Fighting
 + Level 2.5 Short Blades
 - Level 2.0 Throwing
 + Level 3.6 Dodging
 + Level 5.4 Stealth
 - Level 2.0 Unarmed Combat
 + Level 2.9 Spellcasting
 + Level 1.8 Transmutations
 + Level 2.9 Air Magic


You had 11 spell levels left.
You didn't know any spells.
Your spell library contained the following spells:

 Spells                   Type           Power      Damage    Failure   Level
 Swiftness                Air            10%        N/A       43%         3
 Slow                     Hex            8%         N/A       47%         1
 Passwall                 Tmut/Erth      3%         N/A       50%         2
 Blink                    Tloc           4%         N/A       63%         2
 Ensorcelled Hibernation  Hex/Ice        4%         N/A       63%         2
 Confusing Touch          Hex            2%         N/A       85%         3
 Dazzling Flash           Conj/Hex       4%         N/A       85%         3
 Vampiric Draining        Necr           2%         2d6       85%         3
 Iskenderun's Mystic Bla  Conj/Tloc      2%         2d3       99%         4
 Manifold Assault         Tloc           2%         N/A       100%        5
 Starburst                Conj/Fire      1%         6d3       100%        6
 Storm Form               Tmut/Air       4%         N/A       100%        7


Dungeon Overview and Level Annotations

Branches:
Dungeon (5/15)             Temple (0/1) D:5         Ossuary (visited)

Altars:
Kikubaaqudgha

Shops:
D:4 :   D:5 :


Innate Abilities, Weirdness & Mutations

You have a beak for a mouth.
You have claws for feet.
Your magical nature lets you fly swiftly and evasively.


Message History

Aim: a two-headed ogre, wielding a +0 giant spiked club and a +0 giant club (lightly wounded, very poisoned, slow, 75% to hit)
You throw a poisoned dart.
The poisoned dart hits the two-headed ogre.
The two-headed ogre looks as sick as possible!
The two-headed ogre is lightly wounded.
Found 2 viscous pink potions.
A lemure comes into view.
Found a staircase to the Ecumenical Temple.
The lemure shouts!
You hear a shout!
Throw: 7 darts (poison)
Press: ? - help, Q - select action, (/) - cycle Shift-Dir - straight line, f/p - two-headed ogre
Aim: a two-headed ogre, wielding a +0 giant spiked club and a +0 giant club (heavily wounded, very poisoned, slow, 75% to hit)
You throw a poisoned dart.
The poisoned dart barely misses the two-headed ogre.
The two-headed ogre is no longer moving slowly.
A lemure comes into view. x2
The two-headed ogre hits you with a +0 giant spiked club!!
Ouch! That really hurt!
The two-headed ogre barely misses you.
There is a stone staircase leading up here.
You aren't carrying any items that you can evoke.
Unknown command.
You feel much better.
You hit the two-headed ogre. You claw the two-headed ogre.
You peck the two-headed ogre.
The two-headed ogre is severely wounded.
The two-headed ogre barely misses you.
The two-headed ogre hits you with a +0 giant club!!
Ouch! That really hurt!
* * * LOW HITPOINT WARNING * * *
You barely miss the two-headed ogre.
The two-headed ogre is severely wounded.
Unknown command.
You hit the two-headed ogre. You claw the two-headed ogre.
The two-headed ogre is severely wounded.
Unknown command.
You hit the two-headed ogre.
The two-headed ogre is almost dead.
The two-headed ogre hits you with a +0 giant spiked club!
You die...

.# ..>5
.......
!#.....
#+......5
#..#5#.#.
####........
#........+
#...##.#####
## #..O@..#
#. #..5.#.#
#..##(###.#
#.........#
##.##.#####
# #.# #.#
#.#
###########
..#


You could see a two-headed ogre (poisoned) and a lemure.

Vanquished Creatures
  A wraith (Ossuary)
  An ice beast (D:5)
  A scorpion (D:4)
  2 orc priests
  An iguana (D:4)
  Natasha (thrice) (D:3)
  A mummy (Ossuary)
  5 gnolls
  7 adders
  An ufetubus (D:4)
  4 worms
  2 dart slugs (D:3)
  8 orcs
  6 endoplasms
  2 giant cockroaches
  3 hobgoblins
  8 jackals
  5 kobolds
  6 quokkas
  2 ball pythons
  5 bats
  2 frilled lizards
  5 gnoll skeletons (Ossuary)
  10 goblins
  4 kobold skeletons (Ossuary)
  16 orc skeletons (Ossuary)
  7 rats
118 creatures vanquished.

Vanquished Creatures (others)
  30 plants (D:4)
30 creatures vanquished.

Grand Total: 148 creatures vanquished

Notes
Turn   | Place    | Note
-------+----------+-------------------------------------------
     0 | D:1      | Shayle the Tengu Brigand began the quest for the Orb.
     0 | D:1      | Reached XP level 1. HP: 12/12 MP: 2/2
   206 | D:1      | Reached XP level 2. HP: 17/17 MP: 3/3
   224 | D:1      | Found a faded altar of an unknown god.
   662 | D:2      | Reached skill level 1 in Spellcasting
   662 | D:2      | Reached XP level 3. HP: 20/22 MP: 5/5
   669 | D:2      | HP: 1/22 [gnoll/+0 halberd (2)]
   916 | D:2      | Reached XP level 4. HP: 18/27 MP: 6/6
  1835 | D:3      | Gained mutation: Your magical nature lets you fly swiftly
                  | and evasively. [Tengu growth]
  1835 | D:3      | Reached XP level 5. HP: 29/32 MP: 8/8
  2119 | D:3      | Noticed Natasha
  2126 | D:3      | Killed Natasha
  2165 | D:3      | Reached skill level 1 in Air Magic
  2260 | D:3      | Noticed Natasha
  2267 | D:3      | Killed Natasha
  2274 | D:3      | Noticed Natasha
  2297 | D:3      | Killed Natasha
  2298 | D:3      | Reached skill level 1 in Unarmed Combat
  2298 | D:3      | Reached XP level 6. HP: 35/37 MP: 10/10
  2491 | D:4      | Found an ancient bone altar of Kikubaaqudgha.
  2505 | D:4      | Reached skill level 5 in Stealth
  2780 | D:4      | Reached skill level 1 in Transmutations
  2800 | D:4      | Found a sand-covered staircase.
  2839 | Ossuary  | Entered an ossuary
  2839 | Ossuary  | Noticed a wraith
  2839 | Ossuary  | Noticed a wraith
  2839 | Ossuary  | Noticed a wraith
  3372 | Ossuary  | Noticed a wraith
  3391 | Ossuary  | Killed a wraith
  3392 | Ossuary  | Reached XP level 7. HP: 28/42 MP: 11/11
  3415 | Ossuary  | Identified a scroll of acquirement
  3417 | Ossuary  | Acquired a +8 quick blade
  4094 | D:5      | Entered Level 5 of the Dungeon
  4153 | D:5      | Found Qoeweto's Book Emporium.
  4196 | D:5      | Noticed a two-headed ogre
  4209 | D:5      | Found a staircase to the Ecumenical Temple.
  4219 | D:5      | Slain by a two-headed ogre

Illustrated notes

Levels and vault maps discovered:
D:1:      dpeg_arrival_simpleton_c, layout_rooms,
          hellmonk_ecumenical_altar_crossroads
D:2:      layout_basic
D:3:      wander_river, layout_basic, uniq_natasha
D:4:      wad_woods_stonehenge, layout_rooms, chequers_ossuary_entry_cave
D:5:      layout_basic, minmay_temple_entry_glass, serial_shops,
          nicolae_shop_statue_plus, kennysheep_mini_moat, ebering_ghost_sewer_f,
          uniq_ijyb, uniq_pikel, uniq_edmund, uniq_duvessa, uniq_sigmund

Skill      XL: |  1  2  3  4  5  6 |
---------------+-------------------+-----
Spellcasting   | 1 2 |  2.9
Dodging        | 2 3 |  3.6
Fighting       | 3 |  3.9
Air Magic      | 1 2 |  2.9
Unarmed Combat | 1 2 |  2.0
Stealth        | 5 |  5.4
Transmutations | 1 |  1.8
Short Blades   | |  2.5
Throwing       | |  2.0

Action                   |  1- 3 |  4- 6 |  7- 9 || total
-------------------------+-------+-------+-------++-------
Melee: Dagger            |    53 |   163 |       ||   216
       Kick              |    13 |    56 |    37 ||   106
       Peck              |     9 |    34 |    20 ||    63
       Lajatang          |       |    28 |    19 ||    47
       Punch             |       |     1 |       ||     1
       Quick blade       |       |       |    60 ||    60
Throw: Dart              |       |     5 |     4 ||     9
  Use: Potion            |     3 |       |     1 ||     4
       Scroll            |       |    11 |     4 ||    15
 Stab: Sleeping          |     9 |     7 |       ||    16
Armor: Robe              |     3 |       |       ||     3
       Ring mail         |    15 |    60 |    10 ||    85
Dodge: Dodged            |    23 |   118 |    28 ||   169

Table legend: (Time is in decaauts)
 A = Elapsed time spent in this place.
 B = Non-inter-level travel time spent in this place.
 C = Inter-level travel time spent in this place.
 D = Time resting spent in this place.
 E = Time spent auto-exploring this place.
 F = Levels seen in this place.
 G = Mean time per level.
                   A        B        C        D        E       F      G
               +--------+--------+--------+--------+--------+-----+--------+
         Total |   4070 |   3974 |     96 |    738 |   1867 |   6 |  678.3 |
       Dungeon |   3478 |   3382 |     96 |    460 |   1867 |   5 |  695.6 |
       Ossuary |    591 |    591 |      0 |    278 |      0 |   1 |  591.0 |
               +--------+--------+--------+--------+--------+-----+--------+

Top non-repeatable levels by time:
     D:2: 969 daAuts
     D:4: 954 daAuts
     D:1: 787 daAuts
     D:3: 673 daAuts
 Ossuary: 591 daAuts
     D:5: 94 daAuts
